 Dungeon Crawl Stone Soup version 0.30-a0-141-g30f27751c5 (webtiles) character file.

Game seed: 12275508468442925538

2709 night the Grappler (level 9, -2/90 HPs)
             Began as a Troll Transmuter on Sept 25, 2022.
             Was a Follower of Okawaru.
             Slain by a swamp worm (13 damage)
             ... on level 7 of the Dungeon.
             The game lasted 00:14:32 (6901 turns).

night the Grappler (Troll Transmuter)               Turns: 6901, Time: 00:14:32

Health: -2/90      AC:  6    Str: 22    XL:     9   Next: 39%
Magic:  7/9        EV:  9    Int: 11    God:    Okawaru [*.....]
Gold:   413        SH:  0    Dex: 10    Spells: 2/10 levels left

rFire   x . .      SeeInvis .      - Unarmed
rCold   + + +      Faith    .    (shield currently unavailable)
rNeg    . . .      Spirit   .    (body armour currently unavailable)
rPois   +          Reflect  .    (helmet currently unavailable)
rElec   .          Harm     .    (cloak currently unavailable)
rCorr   .          Rampage  .    (gloves unavailable)
Will    .....                    (boots unavailable)
Stlth   +.........               (no amulet)
HPRegen 1.05/turn                d - ring of protection from cold
MPRegen 0.11/turn                (no ring)

@: ice-form, hasted, very quick
A: freezing attack, amphibious, boosted hp, large, unfitting armour, (claws 3),
regeneration 1, (shaggy fur 1), (tough skin 1)
a: End Transformation, Renounce Religion, Heroism


You were on level 7 of the Dungeon.
You worshipped Okawaru.
Okawaru was aware of your devotion.
You were a creature of crystalline ice.
You visited 2 branches of the dungeon, and saw 8 of its levels.
You also visited: Sewer.

You collected 413 gold pieces.

Inventory:

Missiles
 e - 40 stones
 m - 6 boomerangs
 n - 16 poisoned darts
 A - 5 curare-tipped darts
Armour
 a - a +0 robe (melded)
Jewellery
 d - a ring of protection from cold (left front paw)
 h - a ring of fire
Wands
 r - a wand of quicksilver (5)
 u - a wand of flame (29)
 C - a wand of polymorph (9)
 E - a wand of paralysis (3)
Scrolls
 f - a scroll of enchant weapon
 g - a scroll of teleportation
 i - 2 scrolls of fog
 k - 3 scrolls of poison
 o - a scroll of identify
 s - 4 scrolls of torment
 t - a scroll of enchant armour {unknown}
 y - a scroll of brand weapon {unknown}
 G - 2 scrolls of amnesia {unknown}
Potions
 b - 2 potions of lignification
 c - a potion of curing
 j - a potion of heal wounds {unknown}
 l - 2 potions of degeneration {unknown}
 p - a potion of invisibility {unknown}
 q - 5 potions of haste
 v - 2 potions of magic {unknown}
 w - a potion of cancellation {unknown}
 x - a potion of resistance {unknown}
 z - a potion of experience {unknown}
 B - a potion of attraction {unknown}
 D - a potion of brilliance {unknown}
 F - a potion of mutation {unknown}


   Skills:
 - Level 0.7 Fighting
 - Level 1.5 Dodging
 + Level 8.0 Unarmed Combat
 - Level 1.2 Spellcasting
 + Level 5.8 Transmutations
 + Level 5.5 Ice Magic


You had 2 spell levels left.
You knew the following spells:

 Your Spells              Type           Power      Damage    Failure   Level
a - Beastly Appendage     Tmut           26%        N/A       2%          1
b - Ice Form              Ice/Tmut       13%        N/A       30%         4
c - Ozocubu's Armour      Ice            12%        N/A       10%         3

Your spell library contained the following spells:

 Spells                   Type           Power      Damage    Failure   Level
 Wereblood                Tmut           13%        N/A       4%          2
 Spider Form              Tmut/Pois      7%         N/A       28%         3
 Gell's Gravitas          Tloc           0%         N/A       67%         3
 Teleport Other           Tloc           0%         N/A       67%         3
 Metabolic Englaciation   Hex/Ice        3%         N/A       95%         5
 Dispersal                Tloc           0%         N/A       100%        6
 Simulacrum               Ice/Necr       Unusable   N/A       N/A         6

Dungeon Overview and Level Annotations

Branches:
Dungeon (7/15)             Temple (1/1) D:6           Sewer (visited)

Altars:
Ashenzari
Cheibriados
Dithmenos
Elyvilon
Fedhas
Gozag
Hepliaklqana
Kikubaaqudgha
Makhleb
Nemelex Xobeh
Okawaru
Ru
Sif Muna
Trog
Uskayaw
Vehumet
Wu Jian
Yredelemnul
Zin
The Shining One

Shops:
D:4 :


Innate Abilities, Weirdness & Mutations

You are a creature of crystalline ice.
You have a powerful freezing melee attack.
You are amphibious.
Your maximum health is increased.
Your armour is entirely melded.
You are incapable of wielding weapons or throwing items.
You are too large for most types of armour.
((You have claws for hands.))
Your natural rate of healing is unusually fast.
((You are covered in fur. (AC +1)))
((You have tough skin. (AC +1)))


Message History

The swamp worm is heavily wounded.
The swamp worm barely misses you.
You barely miss the swamp worm.
The swamp worm is heavily wounded.
The swamp worm closely misses you.
You punch the swamp worm! You freeze the swamp worm.
The swamp worm is almost dead.
The swamp worm bites you!!
You punch the swamp worm! You freeze the swamp worm.
You kill the swamp worm!
Okawaru accepts your kill.
Your Unarmed Combat skill increases to level 8!
You barely miss the howler monkey. The howler monkey hits you.
The howler monkey hoots and howls with incredible vigour!
The howler monkey hits you but does no damage.
The howler monkey hoots and howls with incredible vigour!
You hear a shout!
The howler monkey hits you.
You hit the swamp worm but do no damage.
The swamp worm bites you.
You hit the swamp worm but do no damage.
The swamp worm bites you!
* * * LOW HITPOINT WARNING * * *
You hit the swamp worm. You freeze the swamp worm.
The swamp worm is lightly wounded.
The swamp worm bites you!
* * * LOW HITPOINT WARNING * * *
You feel better.
The swamp worm bites you but does no damage.
The howler monkey hoots and howls with incredible vigour!
You hear an angry hiss.
You feel yourself speed up. The swamp worm closely misses you.
You punch the swamp worm! You freeze the swamp worm.
The swamp worm is heavily wounded.
The swamp worm bites you!!
* * * LOW HITPOINT WARNING * * *
You barely miss the swamp worm.
The swamp worm is heavily wounded.
You feel better. The swamp worm bites you!
You die...

#...#.# #.)..
#####.# #.... #.#
#.... #.# #....
## #.# #.... .
#.# #.... ~ #
#.###)# #....
#~~~#.#####.##.)#
#####
#≈~~.hwY........#
~~~##h####!....##
#
#...........o...
#.###...........
##..........
#..........
#....!.....
#..........
#.........$


You could see a swamp worm and 2 howler monkeys.

Vanquished Creatures
  Eustachio (D:6)
  Edmund (D:6)
  2 swamp worms (D:7)
  A water moccasin (D:7)
  An ice beast (D:7)
  A sky beast (D:6)
  A black bear (D:3)
  2 orc warriors
  An ogre (D:4)
  2 kobold brigands (Sewer)
  4 phantoms
  A bullfrog (D:6)
  3 scorpions
  2 necrophages (D:6)
  2 howler monkeys
  A jelly (D:5)
  3 hounds
  3 orc priests
  5 iguanas
  3 orc wizards
  11 adders
  4 river rats
  A white imp (D:7)
  2 ufetubi
  6 worms
  5 dart slugs
  21 orcs
  12 ball pythons
  4 bats
  13 endoplasms
  4 giant cockroaches
  5 goblins
  4 hobgoblins
  4 quokkas
  4 frilled lizards
  7 kobolds
  8 rats
155 creatures vanquished.

Vanquished Creatures (others)
  4 plants (D:7)
4 creatures vanquished.

Grand Total: 159 creatures vanquished

Notes
Turn   | Place    | Note
-------+----------+-------------------------------------------
     0 | D:1      | night the Troll Transmuter began the quest for the Orb.
     0 | D:1      | Reached XP level 1. HP: 18/18 MP: 1/1
   413 | D:1      | Reached XP level 2. HP: 26/26 MP: 2/2
   889 | D:2      | Reached skill level 1 in Ice Magic
   889 | D:2      | Reached XP level 3. HP: 32/32 MP: 3/3
   925 | D:2      | Reached skill level 2 in Transmutations
  1357 | D:2      | Reached XP level 4. HP: 40/40 MP: 4/4
  1362 | D:2      | Learned a level 4 spell: Ice Form
  1684 | D:3      | Reached skill level 4 in Unarmed Combat
  1747 | D:3      | Noticed a phantom
  1773 | D:3      | Killed a phantom
  1774 | D:3      | Reached skill level 2 in Ice Magic
  1774 | D:3      | Reached XP level 5. HP: 41/46 MP: 5/5
  2045 | D:4      | Noticed a black bear
  2063 | D:3      | Killed a black bear
  2064 | D:3      | Reached XP level 6. HP: 15/54 MP: 6/6
  2745 | D:4      | Found a shimmering blue altar of Sif Muna.
  2963 | D:4      | Found Xalin's Book Shop.
  2981 | D:4      | Reached skill level 5 in Unarmed Combat
  3276 | D:5      | Entered Level 5 of the Dungeon
  3401 | D:5      | Reached XP level 7. HP: 61/61 MP: 7/7
  4261 | D:6      | Found a glowing drain.
  4273 | Sewer    | Entered a sewer
  4306 | Sewer    | Reached skill level 6 in Unarmed Combat
  4573 | Sewer    | Reached XP level 8. HP: 52/68 MP: 4/8
  5078 | Sewer    | Gained mutation: Your spells are a little easier to cast,
                  | but a little less powerful. [mutagenic glow]
  5088 | Sewer    | Lost mutation: Your spells are a little easier to cast, but
                  | a little less powerful. [mutagenic glow]
  5623 | D:6      | Noticed Edmund
  5634 | D:6      | Killed Edmund
  5703 | D:6      | Noticed Eustachio
  5780 | D:6      | Killed Eustachio
  5836 | D:6      | Found a staircase to the Ecumenical Temple.
  5846 | Temple   | Entered the Ecumenical Temple
  6039 | Temple   | Became a worshipper of Warmaster Okawaru
  6055 | D:6      | Reached skill level 7 in Unarmed Combat
  6055 | D:6      | Reached skill level 5 in Transmutations
  6225 | D:6      | Reached skill level 5 in Ice Magic
  6314 | D:6      | Paralysed by an orc warrior for 5 turns
  6324 | D:6      | Reached * piety under Okawaru
  6325 | D:6      | Reached XP level 9. HP: 74/75 MP: 4/9
  6406 | D:6      | Learned a level 3 spell: Ozocubu's Armour
  6890 | D:7      | Reached skill level 8 in Unarmed Combat
  6896 | D:7      | HP: 12/90 [swamp worm (10)]
  6899 | D:7      | HP: 2/90 [swamp worm (19)]
  6901 | D:7      | Slain by a swamp worm

Illustrated notes

Levels and vault maps discovered:
D:1:      heliophobic_arrival_enchanted_forest, layout_basic
D:2:      layout_loops_cross
D:3:      layout_rooms, due_unseen_surprise
D:4:      layout_layer_cave, lemuel_crystal_altar, serial_shops,
          nicolae_lakefront_shop
D:5:      layout_loops_corners, hex_medium
D:6:      layout_basic, minmay_temple_entry_mini_moons, gup_sewer_entry_bubbles,
          uniq_eustachio, uniq_edmund
D:7:      layout_basic, xom_butterflies, worms_lemuel
Temple:   nicolae_temple_bog_church

Skill      XL: |  1  2  3  4  5  6  7  8  9 |
---------------+----------------------------+-----
Ice Magic      | 1 2 3 5 |  5.5
Transmutations | 2 3 4 5 |  5.8
Unarmed Combat | 4 5 6 7 8 |  8.0
Fighting       | |  0.7
Dodging        | |  1.5
Spellcasting   | |  1.2

Action                   |  1- 3 |  4- 6 |  7- 9 || total
-------------------------+-------+-------+-------++-------
Melee: Unarmed           |    81 |   128 |   254 ||   463
       Punch             |     3 |     4 |     5 ||    12
       Kick              |     1 |     2 |       ||     3
Throw: Dart              |       |     4 |       ||     4
 Cast: Beastly Appendage |     1 |     1 |       ||     2
       Ice Form          |       |       |    16 ||    16
       Ozocubu's Armour  |       |       |     2 ||     2
 Abil: End Transformatio |       |       |     1 ||     1
  Use: Potion            |       |     2 |     3 ||     5
       Scroll            |       |     4 |     2 ||     6
 Stab: Sleeping          |       |     2 |     3 ||     5
Armor: Robe              |    13 |    29 |    51 ||    93
       Skin              |       |       |    13 ||    13
Dodge: Dodged            |    27 |    42 |    95 ||   164

Table legend: (Time is in decaauts)
 A = Elapsed time spent in this place.
 B = Non-inter-level travel time spent in this place.
 C = Inter-level travel time spent in this place.
 D = Time resting spent in this place.
 E = Time spent auto-exploring this place.
 F = Levels seen in this place.
 G = Mean time per level.
                   A        B        C        D        E       F      G
               +--------+--------+--------+--------+--------+-----+--------+
         Total |   7007 |   6822 |    185 |     93 |   5538 |   9 |  778.6 |
       Dungeon |   5408 |   5255 |    153 |     69 |   4223 |   7 |  772.6 |
        Temple |    212 |    181 |     31 |      0 |    163 |   1 |  212.0 |
         Sewer |   1386 |   1386 |      0 |     24 |   1152 |   1 | 1386.0 |
               +--------+--------+--------+--------+--------+-----+--------+

Top non-repeatable levels by time:
   Sewer: 1386 daAuts
     D:4: 1190 daAuts
     D:6: 938 daAuts
     D:5: 938 daAuts
     D:1: 823 daAuts
     D:2: 646 daAuts
     D:3: 583 daAuts
     D:7: 287 daAuts
  Temple: 212 daAuts
